 Dungeon Crawl Stone Soup version 0.26-a0-651-gb41185065b (webtiles) character file.

Game seed: 1843648976932152009

66 raphialitos the Slasher (level 4, 0/37 HPs)
             Began as a Human Berserker on Sept 29, 2020.
             Was a Believer of Trog.
             Killed from afar by a white imp (8 damage)
             ... with a puff of frost
             ... summoned by Natasha
             ... on level 2 of the Dungeon.
             The game lasted 00:03:47 (1745 turns).

raphialitos the Slasher (Human Berserker)           Turns: 1745, Time: 00:03:47

Health: 0/37       AC:  9    Str: 18    XL:     4   Next: 37%
Magic:  4/4        EV:  8    Int:  8    God:    Trog [**....]
Gold:   194        SH:  0    Dex: 12    Spells: 3/3 levels left

rFire    . . .     SeeInvis .   a - +0 falchion
rCold    . . .     Faith    .   (no shield)
rNeg     . . .     Spirit   .   i - +0 chain mail
rPois    .         Reflect  .   (no helmet)
rElec    .         Harm     .   h - +0 cloak
rCorr    .         Rampage  .   (no gloves)
MR       .....                  (no boots)
Stlth    ..........             (no amulet)
HPRegen  0.12/turn              (no ring)
MPRegen  0.09/turn              (no ring)

@: slowed, lightly drained, very slow
A: no striking features
a: Berserk, Trog's Hand, Renounce Religion


You were on level 2 of the Dungeon.
You worshipped Trog.
Trog was pleased with you.
You visited 1 branch of the dungeon, and saw 2 of its levels.

You collected 194 gold pieces.

Inventory:

Hand Weapons
 a - a +0 falchion (weapon)
 j - a +3 hunting sling
Missiles
 k - 21 arrows
 m - 144 stones (quivered)
 n - 33 bolts
 t - 18 poisoned darts
Armour
 b - a +0 animal skin
 h - a +0 cloak (worn)
 i - a +0 chain mail (worn)
Jewellery
 u - an uncursed ring of ice {unknown}
Wands
 r - a wand of iceblast (7)
Scrolls
 d - a scroll of teleportation
 e - a scroll of enchant armour {unknown}
 f - a scroll of fear
 s - a scroll of remove curse {unknown}
Potions
 c - 2 potions of lignification
 g - 2 potions of cancellation
 l - a potion of curing {unknown}
 o - 2 potions of heal wounds {unknown}
 p - 2 potions of invisibility
 q - 2 potions of might {unknown}


   Skills:
 + Level 3.6 Fighting
 + Level 3.9(3.8) Long Blades
 + Level 0.1(0.0) Slings
 + Level 2.3(2.2) Armour
 + Level 2.2 Dodging
 + Level 0.2(0.1) Stealth


You had 3 spell levels left.
You didn't know any spells.
Your spell library was empty.

Dungeon Overview and Level Annotations

Branches:
Dungeon (2/15)

Altars:
Ru

Annotations:
D:2 Natasha


Message History

You closely miss something.
You hear some strange, mumbled words.
You miss something. Something claws you. The white imp gestures at you.
The puff of frost hits you.
You slash something! Something claws you. The white imp hits you.
The white imp freezes you.
You closely miss something.
You hear some strange, mumbled words.
You feel yourself slow down.
The white imp hits you but does no damage.
You miss something.
You hear some strange, mumbled words.
A magic dart appears from out of thin air!
The magic dart hits you but does no damage.
The white imp hits you. The white imp freezes you. Something claws you.
* * * LOW HITPOINT WARNING * * *
The white imp gestures at you. The puff of frost hits you!
You die...

##...........###.. ###
###...#..#####.# ##.
...##........#####.#####
........................
...........#######..###.
...........# ##.##..
..?....†..## .....#
......5..## ...###.
...##..@## ..#.# #. ###
###{# .###.. #. ... ##
##. #. ..... #. .)...##
## ......# ########


You could see a white imp (summoned).

Vanquished Creatures
  An adder (D:2)
  A worm (D:2)
  4 dart slugs
  A leopard gecko (D:2)
  3 bats
  A giant cockroach (D:1)
  6 goblins (D:2)
  4 hobgoblins
  9 jackals
  A quokka (D:2)
  2 frilled lizards (D:2)
  3 kobolds
  5 rats
41 creatures vanquished.

Notes
Turn   | Place    | Note
-------+----------+-------------------------------------------
     0 | D:1      | raphialitos the Human Berserker began the quest for the
                  | Orb.
     0 | D:1      | Reached XP level 1. HP: 18/18 MP: 1/1
   169 | D:1      | Reached XP level 2. HP: 24/24 MP: 2/2
   598 | D:1      | Reached XP level 3. HP: 13/29 MP: 3/3
  1200 | D:2      | Reached ** piety under Trog
  1210 | D:2      | Reached XP level 4. HP: 35/35 MP: 4/4
  1623 | D:2      | Found a sacrificial altar of Ru.
  1734 | D:2      | Noticed Natasha
  1745 | D:2      | Killed from afar by a white imp

Illustrated notes

Levels and vault maps discovered:
D:1:      lightli_arrival_lavapool, layout_rooms
D:2:      layout_rooms, tgw_trog, lemuel_crystal_altar,
          chequers_serial_rivers_small_3, minmay_goblin_outpost, uniq_natasha

Action                   |  1- 3 |  4- 6 || total
-------------------------+-------+-------++-------
Melee: Falchion          |    93 |    30 ||   123
 Fire: Hunting sling     |     5 |    14 ||    19
  Use: Scroll            |     5 |       ||     5
Armor: Chain mail        |    90 |    21 ||   111
       Animal skin       |     4 |       ||     4
Dodge: Dodged            |    63 |    11 ||    74
       Rpst.: Falchion   |    27 |     3 ||    30

Table legend: (Time is in decaauts)
 A = Elapsed time spent in this place.
 B = Non-inter-level travel time spent in this place.
 C = Inter-level travel time spent in this place.
 D = Time resting spent in this place.
 E = Time spent auto-exploring this place.
 F = Levels seen in this place.
 G = Mean time per level.
                   A        B        C        D        E       F      G
               +--------+--------+--------+--------+--------+-----+--------+
         Total |   1762 |   1746 |     16 |      0 |   1407 |   2 |  881.0 |
       Dungeon |   1762 |   1746 |     16 |      0 |   1407 |   2 |  881.0 |
               +--------+--------+--------+--------+--------+-----+--------+

Top non-repeatable levels by time:
     D:1: 885 daAuts
     D:2: 877 daAuts
